 Dungeon Crawl Stone Soup version 0.32-a0-519-g08f29ac1c3 (webtiles) character file.

Game seed: 6410474861081978592

248 seren the Charlatan (level 6, -10/45 HPs)
             Began as a Coglin Artificer on Feb 27, 2024.
             Was an Initiate of Gozag.
             Mangled by a gnoll
             ... wielding a +0 halberd of protection
              (11 damage)
             ... on level 5 of the Dungeon.
             The game lasted 00:06:14 (3163 turns).

seren the Charlatan (Coglin Artificer)              Turns: 3163, Time: 00:06:14

Health: -10/45     AC:  5    Str: 12    XL:     6   Next: 12%
Magic:  6/6        EV: 12    Int: 10    God:    Gozag
Gold:   265        SH:  0    Dex: 17    Spells: 5/5 levels left

rFire   . . .        l - +0 short sword {Mira}
rCold   . . .        k - +0 falchion {Kaede}
rNeg    . . .        b - +0 leather armour
rPois   .            r - +0 helmet
rElec   .            (no cloak)
rCorr   .            (no gloves)
SInv    .            h - +0 pair of boots
Will    +....        (no amulet)
Stlth   ++           (ring unavailable)
HPRegen 0.27/turn    (ring unavailable)
MPRegen 0.10/turn

%: no passive effects
@: gold aura, enlightened, flying, revved
A: off-hand wielding, slow wielding, warmup strikes, no rings
a: Renounce Religion, Potion Petition, Call Merchant, Bribe Branch


You were on level 5 of the Dungeon.
You worshipped Gozag.
Gozag was aware of your devotion.
You visited 1 branch of the dungeon, and saw 5 of its levels.

You collected 332 gold pieces.
You paid 67 gold pieces to Gozag.

Inventory:

Hand Weapons
 a - a +0 club {Bunsong}
 k - a +0 falchion (offhand) {Kaede}
 l - a +0 short sword (weapon) {Mira}
 u - a +0 falchion
Missiles
 j - 2 boomerangs
 w - 6 poisoned darts
Armour
 b - a +0 leather armour (worn)
 h - a +0 pair of boots (worn)
 r - a +0 helmet (worn)
Wands
 c - a wand of flame (15) (quivered)
 d - a wand of charming (14)
 e - a wand of iceblast (5)
Scrolls
 f - 3 scrolls of enchant armour
 g - 2 scrolls of vulnerability
 i - 2 scrolls of fear
 m - a scroll of butterflies {unknown}
 o - 2 scrolls of teleportation {unknown}
 p - a scroll of fog {unknown}
 q - a scroll of amnesia {unknown}
 x - a scroll of poison {unknown}
 y - a scroll of revelation {unknown}
Potions
 t - a potion of curing {unknown}
 v - a potion of invisibility {unknown}
 z - a potion of mutation {unknown}
 A - a potion of brilliance {unknown}
 B - a potion of haste {unknown}


   Skills:
 + Level 2.3 Fighting
 * Level 1.9(2.3) Short Blades
 * Level 2.2(2.6) Long Blades
 + Level 2.4 Armour
 + Level 1.9 Dodging
 + Level 1.8 Stealth
 + Level 5.0 Evocations


You had 5 spell levels left.
You didn't know any spells.
Your spell library contained the following spells:

 Spells                   Type           Power      Damage    Failure   Level
 Call Imp                 Summ           0%         N/A       58%         2
 Sublimation of Blood     Necr           0%         N/A       58%         2
 Volatile Blastmotes      Fire/Tloc      0%         2d10      82%         3
 Fulminant Prism          Conj/Alch      0%         3d5       99%         4
 Iskenderun's Mystic Bla  Conj/Tloc      0%         2d3       99%         4
 Summon Hydra             Summ           0%         N/A       100%        7


Dungeon Overview and Level Annotations

Branches:
Dungeon (5/15)
 Temple: D:4-7

Altars:
Gozag
Vehumet
Yredelemnul

Annotations:
D:2 1 runed translucent door, Crazy Yiuf


Innate Abilities, Weirdness & Mutations

You can wield a second weapon in your off-hand.
It takes a long time for you to wield or remove held weapons.
Your first few attacks do less damage.
Your grasper-arms cannot wear rings.


Message History

The gnoll barely misses you.
You hit the gnoll but do no damage.
The gnoll is heavily wounded.
You closely miss the gnoll with your +0 short sword.
The gnoll closely misses you. The gnoll hits you with a +0 flail.
You hit the gnoll but do no damage.
The gnoll is heavily wounded.
You slash the gnoll with your +0 falchion!
You kill the gnoll!
The gnoll hits you with a +0 halberd of protection.
* * * LOW HITPOINT WARNING * * *
Your Evocations skill increases to level 5!
You closely miss the gnoll with your +0 short sword.
You hit the gnoll with your +0 falchion.
The gnoll hits you with a +0 halberd of protection!
* * * LOW HITPOINT WARNING * * *
You hit the gnoll but do no damage.
The gnoll is moderately wounded.
You closely miss the gnoll with your +0 falchion.
The gnoll hits you with a +0 halberd of protection!
* * * LOW HITPOINT WARNING * * *
You hit the gnoll but do no damage.
The gnoll is moderately wounded.
You hit the gnoll but do no damage.
The gnoll hits you with a +0 halberd of protection!
* * * LOW HITPOINT WARNING * * *
You hit the gnoll with your +0 falchion.
The gnoll is heavily wounded.
You hit the gnoll but do no damage. The gnoll hits you but does no damage.
You hit the gnoll with your +0 falchion.
The gnoll is severely wounded.
You hit the gnoll but do no damage.
The gnoll hits you with a +0 halberd of protection.
* * * LOW HITPOINT WARNING * * *
It was a potion of enlightenment.
You feel very buoyant.
You fly up into the air.
The gnoll hits you with a +0 halberd of protection!
You die...
Your body crumbles into a pile of gold.

##......##
#....### #....#
##....### ###
#.......#####..#
.................#
###.....#.....###
###.......$.#
#..#####g@## #..##
###.## #..# ##<###
... ##..## ###.#
###


You could see a gnoll.

Vanquished Creatures
  A phantom (D:4)
  A hound (D:3)
  An adder (D:2)
  A gnoll (D:5)
  3 dart slugs
  4 ribbon worms
  An orc (D:4)
  9 ball pythons
  5 endoplasms
  5 giant cockroaches
  4 goblins
  7 hobgoblins
  4 jackals (D:2)
  4 quokkas
  4 bats
  3 frilled lizards (D:1)
  9 kobolds
  7 rats
73 creatures vanquished.

Vanquished Creatures (collateral kills)
  A bombardier beetle (D:4)
1 creature vanquished.

Vanquished Creatures (others)
  A kobold brigand (D:4)
1 creature vanquished.

Grand Total: 75 creatures vanquished

Notes
Turn   | Place    | Note
-------+----------+-------------------------------------------
     0 | D:1      | seren the Coglin Artificer began the quest for the Orb.
     0 | D:1      | Reached XP level 1. HP: 15/15 MP: 1/1
   126 | D:1      | Reached skill level 1 in Dodging
   222 | D:1      | Reached skill level 1 in Stealth
   245 | D:1      | Reached XP level 2. HP: 19/21 MP: 2/2
   859 | D:2      | Reached XP level 3. HP: 26/26 MP: 3/3
  1216 | D:2      | Found a runed translucent door.
  1217 | D:2      | Noticed Crazy Yiuf
  1400 | D:2      | Reached XP level 4. HP: 33/33 MP: 4/4
  1794 | D:3      | Reached skill level 1 in Long Blades
  2235 | D:3      | Reached skill level 1 in Short Blades
  2352 | D:4      | Found an opulent altar of Gozag.
  2371 | D:4      | Became a worshipper of Gozag Ym Sagoz the Greedy
  2389 | D:4      | Noticed a kobold brigand
  2417 | D:4      | Reached XP level 5. HP: 37/38 MP: 5/5
  2417 | D:4      | Killed a kobold brigand
  2776 | D:4      | Noticed a phantom
  2786 | D:4      | Killed a phantom
  2787 | D:4      | Reached XP level 6. HP: 43/45 MP: 6/6
  2935 | D:4      | Found a basalt altar of Yredelemnul.
  2965 | D:4      | Found a radiant altar of Vehumet.
  3106 | D:5      | Entered Level 5 of the Dungeon
  3158 | D:5      | Reached skill level 5 in Evocations
  3160 | D:5      | HP: 2/45 [gnoll/+0 halberd of protection (11)]
  3163 | D:5      | Mangled by a gnoll

Illustrated notes

Levels and vault maps discovered:
D:1:      dpeg_arrival_rooms_a, layout_loops_ring
D:2:      kennysheep_big_flooded_room, layout_basic, uniq_crazy_yiuf_cottage
D:3:      layout_basic
D:4:      layout_basic, mainiacjoe_overflow_boulevard,
          mainiacjoe_overflow_concentric_impassable,
          mainiacjoe_overflow_tiny_flanked
D:5:      kennysheep_steamy, layout_layer_cave, kennysheep_orc_sif_temple,
          ebering_ghost_sewer_f, serial_library_hellmonk_secret_room, uniq_ijyb

Skill      XL: |  1  2  3  4  5  6 |
---------------+-------------------+-----
Dodging        | 1 |  1.9
Stealth        | 1 |  1.8
Armour         | 2 |  2.4
Long Blades    | 1 2 |  2.2
Short Blades   | 1 |  1.9
Fighting       | 2 |  2.3
Evocations     | 5 |  5.0

Action                     |  1- 3 |  4- 6 || total
---------------------------+-------+-------++-------
  Melee: Club              |    40 |       ||    40
         Falchion          |    67 |    85 ||   152
         Short sword       |    59 |    84 ||   143
  Evoke: Wand              |       |     1 ||     1
    Use: Scroll            |     2 |     2 ||     4
         Potion            |       |     1 ||     1
   Stab: Sleeping          |     3 |     4 ||     7
 Armour: Leather armour    |    84 |    53 ||   137
  Dodge: Dodged            |    75 |    38 ||   113
         Repelled          |     2 |     2 ||     4

Table legend: (Time is in decaauts)
 A = Elapsed time spent in this place.
 B = Non-inter-level travel time spent in this place.
 C = Inter-level travel time spent in this place.
 D = Time resting spent in this place.
 E = Time spent auto-exploring this place.
 F = Levels seen in this place.
 G = Mean time per level.
                   A        B        C        D        E       F      G
               +--------+--------+--------+--------+--------+-----+--------+
         Total |   3190 |   3072 |    118 |    130 |   2146 |   5 |  638.0 |
       Dungeon |   3190 |   3072 |    118 |    130 |   2146 |   5 |  638.0 |
               +--------+--------+--------+--------+--------+-----+--------+

Top non-repeatable levels by time:
     D:2: 867 daAuts
     D:4: 817 daAuts
     D:1: 756 daAuts
     D:3: 692 daAuts
     D:5: 56 daAuts
